 Dungeon Crawl Stone Soup version 0.31.0-12-g77e489cdc1 (webtiles) character file.

Game seed: 16731693955812017986

1146 Gadfly the Trooper (level 8, 0/84 HPs)
             Began as an Oni Berserker on Feb 21, 2024.
             Was an Elder of Trog.
             Slain by a hound (4 damage)
             ... on level 5 of the Dungeon.
             The game lasted 00:10:09 (5747 turns).

Gadfly the Trooper (Oni Berserker)                  Turns: 5747, Time: 00:10:10

Health: 0/84       AC:  3    Str: 22    XL:     8   Next: 38%
Magic:  8/8        EV: 15    Int:  8    God:    Trog [****..]
Gold:   26         SH:  0    Dex: 10    Spells: 7/7 levels left

rFire   . . .        a - +0 flail (drain)
rCold   . . .        (no shield)
rNeg    . . .        b - +0 animal skin
rPois   .            (helmet restricted)
rElec   .            (no cloak)
rCorr   .            (gloves unavailable)
SInv    .            (boots unavailable)
Will    .....        (no amulet)
Stlth   +            o - +5 ring of evasion
HPRegen 0.34/turn    (no ring)
MPRegen 0.11/turn

%: no passive effects
@: lethally poisoned (0 -> -5), on berserk cooldown, slowed, very slow
A: large, unfitting armour, horns 1, tough skin 1, double potion healing,
drunken brawling
a: Renounce Religion, Berserk, Trog's Hand, Brothers in Arms


You were on level 5 of the Dungeon.
You worshipped Trog.
Trog was greatly pleased with you.
You visited 1 branch of the dungeon, and saw 5 of its levels.

You collected 230 gold pieces.
You spent 204 gold pieces at shops.

Inventory:

Hand Weapons
 a - a +0 flail of draining (weapon)
 h - a +1 dagger of freezing
 p - a +0 flail
Armour
 b - a +0 animal skin (worn)
Jewellery
 o - a +5 ring of evasion (left hand)
Wands
 k - a wand of iceblast (8) (quivered)
Scrolls
 g - a scroll of brand weapon
 i - 2 scrolls of teleportation
 m - a scroll of revelation
Potions
 c - 2 potions of enlightenment
 d - 2 potions of might
 e - 2 potions of heal wounds
 f - 3 potions of curing
 j - 2 potions of magic {unknown}
 l - a potion of berserk rage {unknown}
 n - 2 potions of haste {unknown}
 q - a potion of attraction {unknown}


   Skills:
 + Level 6.3 Fighting
 * Level 6.0 Maces & Flails
 * Level 4.4 Armour
 - Level 2.6 Dodging
 * Level 4.0 Evocations


You had 7 spell levels left.
You didn't know any spells.
Your spell library was empty.

Dungeon Overview and Level Annotations

Branches:
Dungeon (5/15)
 Temple: D:4-7

Altars:
The Shining One

Shops:
D:1 [?   D:2 [   D:4 !=


Innate Abilities, Weirdness & Mutations

You are too large for most types of armour.
You have a pair of small horns on your head.
You have tough skin. (AC +1)
You gain doubled healing and magic from potions.
Whenever you drink a healing potion, you attack all around you.


Message History

The gnoll hits you from afar with a +0 halberd.
The gnoll closely misses you. The gnoll completely misses you.
The gnoll hits you with a +0 whip.
You barely miss the gnoll. Your headbutt misses the gnoll.
The gnoll is lightly wounded.
The gnoll hits you from afar with a +0 halberd!
The gnoll completely misses you. The gnoll hits you with a +0 whip. x2
The gnoll hits you from afar with a +0 halberd!
The gnoll misses you. The gnoll hits you with a +0 whip.
* * * LOW HITPOINT WARNING * * *
The gnoll misses you.
As you read the scroll of teleportation, it crumbles to dust.
You feel strangely unstable. The gnoll misses you. The gnoll barely misses you.
The gnoll hits you with a +0 whip.
* * * LOW HITPOINT WARNING * * *
The gnoll hits you with a +0 whip!
* * * LOW HITPOINT WARNING * * *
The gnoll misses you. The gnoll misses you. The gnoll hits you with a +0 whip.
* * * LOW HITPOINT WARNING * * *
The gnoll completely misses you. The gnoll closely misses you.
Your surroundings suddenly seem different.
A hound comes into view.
Found a scroll labelled ENIAROROUG.
Found a stone staircase leading down.
The hound barks!
Unknown command.
The hound barely misses you. The hound closely misses you.
The scorpion completely misses you. The hound closely misses you.
The scorpion stings you.
* * * LOW HITPOINT WARNING * * *
You are lethally poisoned!
The scorpion poisons you! The scorpion barely misses you.
The hound barely misses you.
* * * LOW HITPOINT WARNING * * *
You feel very sick. The hound barely misses you.
The scorpion closely misses you.
* * * LOW HITPOINT WARNING * * *
You feel sick. The hound bites you.
You die...

##..# #.... .... ....
#... .... #... ##+#
..# . #...##..##..##..
+...............
#...@(..........
#....h........?.
#....s..........
#...##..##..##.. #...
#..# ## #...>...?#
#### #........# ...###
#........#
....<#...............#


You could see a scorpion and a hound.

Vanquished Creatures
  2 black bears
  An ogre (D:4)
  3 scorpions
  2 howler monkeys (D:4)
  4 hounds
  A gnoll bouda (D:4)
  Ijyb (D:4)
  2 orc wizards
  16 gnolls (D:4)
  10 adders
  2 dart slugs (D:3)
  3 ribbon worms
  32 orcs
  9 endoplasms
  5 giant cockroaches
  12 goblins
  7 hobgoblins
  19 jackals
  4 quokkas
  9 ball pythons
  A bat (D:3)
  4 kobolds
  2 rats
151 creatures vanquished.

Notes
Turn   | Place    | Note
-------+----------+-------------------------------------------
     0 | D:1      | Gadfly the Oni Berserker began the quest for the Orb.
     0 | D:1      | Reached XP level 1. HP: 24/24 MP: 1/1
    93 | D:1      | Reached XP level 2. HP: 32/32 MP: 2/2
   156 | D:1      | Found a faded altar of an unknown god.
   157 | D:1      | Noticed a glass eye
   169 | D:1      | Noticed a shining eye
   176 | D:1      | Noticed a golden eye
   182 | D:1      | Noticed a shining eye
   374 | D:1      | Found Sonar's Magic Scroll Emporium.
   652 | D:1      | Found Ysmiukue's Antique Armour Boutique.
  1135 | D:2      | Reached skill level 1 in Armour
  1135 | D:2      | Reached skill level 1 in Evocations
  1135 | D:2      | Reached XP level 3. HP: 37/40 MP: 3/3
  1438 | D:2      | Reached ** piety under Trog
  1484 | D:2      | Found Qufolak's Armour Shop.
  1496 | D:2      | Reached XP level 4. HP: 43/49 MP: 4/4
  2038 | D:3      | Noticed a scorpion
  2062 | D:3      | Killed a scorpion
  2063 | D:3      | Reached XP level 5. HP: 36/55 MP: 5/5
  2713 | D:3      | Reached *** piety under Trog
  2893 | D:3      | Reached skill level 5 in Fighting
  2893 | D:3      | Reached XP level 6. HP: 50/66 MP: 6/6
  3058 | D:4      | Noticed Ijyb
  3069 | D:4      | Killed Ijyb
  3184 | D:4      | Found a glowing golden altar of the Shining One.
  3308 | D:4      | Found Nitiunuof's Jewellery Shoppe.
  3672 | D:4      | Reached XP level 7. HP: 40/72 MP: 7/7
  4042 | D:4      | Found Nuenowun's Distillery.
  4048 | D:4      | Reached skill level 5 in Maces & Flails
  4205 | D:4      | Reached **** piety under Trog
  4870 | D:4      | HP: 2/75 [gnoll/+0 club (5)]
  5130 | D:4      | Reached XP level 8. HP: 79/83 MP: 8/8
  5337 | D:5      | Entered Level 5 of the Dungeon
  5561 | D:1      | Bought a scroll of brand weapon for 114 gold pieces
  5561 | D:1      | Bought a scroll of revelation for 90 gold pieces
  5727 | D:5      | HP: 2/126 [gnoll/+0 spear (7)]
  5734 | D:5      | HP: 2/84 [gnoll/+0 whip (1)]
  5747 | D:5      | HP: 4/84 [poisoned by a scorpion]
  5747 | D:5      | Slain by a hound

Illustrated notes

Levels and vault maps discovered:
D:1:      lemuel_arrival_river_bridge, layout_basic, serial_forest,
          infiniplex_forest_straight_3, infiniplex_forest_clump_cross,
          infiniplex_forest_end_2, infiniplex_forest_clump_tiny,
          infiniplex_forest_end_2, infiniplex_forest_clump_large,
          infiniplex_forest_straight_2, infiniplex_forest_fountain,
          serial_shops, nicolae_shop_trees, nicolae_shop_crystal,
          hellmonk_ecumenical_altar_watching_god, st_stairs_2
D:2:      layout_basic, serial_shops, nicolae_shop_advertising_works
          [nicolae_subvault_shop_adworks], minmay_misc_feat_square
D:3:      layout_loops_cross
D:4:      lemuel_castle_with_subvaults [lemuel_castle_interior_original],
          layout_basic, lemuel_crystal_altar, serial_shops,
          nicolae_shop_gaudy_bauble, kennysheep_diamond, uniq_ijyb
D:5:      layout_gridville, gammafunk_temple_overflow_statue,
          mainiacjoe_ossuary_entry_dusty_tomb

Skill      XL: |  1  2  3  4  5  6  7  8 |
---------------+-------------------------+-----
Armour         | 1 2 3 4 |  4.4
Evocations     | 1 2 3 4 |  4.0
Maces & Flails | 4 5 6 |  6.0
Fighting       | 5 6 |  6.3
Dodging        | |  2.6

Action                     |  1- 3 |  4- 6 |  7- 9 || total
---------------------------+-------+-------+-------++-------
  Melee: Mace              |    86 |   123 |       ||   209
         Headbutt          |    12 |    45 |    35 ||    92
         Flail             |       |    95 |   185 ||   280
         Punch             |       |     1 |     4 ||     5
 Invoke: Berserk           |       |     1 |     1 ||     2
    Use: Scroll            |     4 |     3 |     3 ||    10
         Potion            |     1 |     2 |     4 ||     7
 Armour: Animal skin       |    81 |   204 |   162 ||   447
  Dodge: Dodged            |    65 |   138 |   141 ||   344
